[Event "Schack-SM 2023: Veteran-SM 50+"]
[Site "Helsingborg Arena, Mellersta Stenbocksgatan 14, Helsingborg, Sweden"]
[Date "2023.07.05"]
[Round "5.1"]
[White "Karlsson, Ulf"]
[Black "Wahlund, Max"]
[Result "1/2-1/2"]
[TimeControl "90 minutes for 40 moves + 30 minutes for the rest of games + 30 seconds per move from move one."]
[BlackTitle "CM"]
[WhiteElo "1968"]
[BlackElo "2002"]

1. e4 e5 2. Nf3 Nc6 3. Nc3 Nf6 4. d4 exd4 5. Nxd4 Nxe4 6. Nxe4 Qe7 7. f3 d5 8. Nxc6 bxc6 9. Qe2 dxe4 10.
Qxe4 Qxe4+ 11. fxe4 Bd6 12. Bc4 O-O 13. O-O Bb7 14. Bf4 Rae8 15. Rae1 Bc8 16. e5 Bc5+ 17. Be3 Bb6 18. Bxb6 cxb6 19.
Re3 Be6 20. Bxe6 1/2-1/2

[Event "Schack-SM 2023: Sverigemastarklassen"]
[Site "Helsingborg Arena, Mellersta Stenbocksgatan 14, Helsingborg, Sweden"]
[Date "2023.07.05"]
[Round "5.2"]
[White "Johansson, Linus"]
[Black "Hector, Jonny"]
[Result "1/2-1/2"]
[TimeControl "90 minutes for 40 moves + 30 minutes for the rest of the game + 30 seconds per move from move one."]
[WhiteTitle "IM"]
[BlackTitle "GM"]
[WhiteElo "2466"]
[BlackElo "2481"]

1. d4 d5 2. c4 c6 3. Nf3 Nf6 4. Qc2 g6 5. cxd5 cxd5 6. Bf4 Nc6 7. e3 Nh5 8. Bb5 Bd7 9. Bxc6 bxc6 10.
Nc3 Nxf4 11. exf4 Bh6 12. Ne2 Bg4 13. Qc3 O-O 14. h3 Bxf3 15. Qxf3 Rb8 16. Qc3 Qd6 17. g3 Rfc8 18. Rc1 Bg7 19.
Qd2 c5 20. dxc5 Rxc5 21. Rxc5 Qxc5 22. b3 Rc8 23. O-O Qc2 24. Rd1 e6 25. h4 h5 26. Kf1 a5 27. Qc1 Bf6 28. a4 Be7 29.
Ke1 Bb4+ 30. Kf1 Rc7 31. Qxc2 Rxc2 32. Rc1 Rd2 33. Rc7 d4 34. Rd7 d3 35. Nd4 Rd1+ 36. Kg2 d2 37. Nc2 Bc3 38.
Ne3 Re1 39. Rd3 Kf8 40. Kf3 Ke7 41. Kg2 Bb4 42. Kf3 Kf6 43. Rd8 Bc3 44. Rd3 Ke7 45. Kg2 f5 46. Kf3 Bb4 47. Kg2 Kf7 48. Kf3 Kf6 49. Rd8 Rb1 50. Rd3 Rb2 51. Nd1 Rc2 52. Ne3 Rc1 53.
Ke2 Rb1 54. Kf3 Kf7 55. Ke2 Ke7 56. Kf3 Re1 57. Kg2 Ra1 58. Kf3 Ra2 59. Nd1 Ra1 60. Ne3 Re1 61. Kg2 Bc5 62. Rxd2 Bxe3 63.
fxe3 Rxe3 64. Rb2 Re4 65. Rd2 Re3 66. Rb2 Re4 67. Rd2 Re3 68. Rb2 Re4 69. Rd2 1/2-1/2

[ePGN "0.1;DGT LiveChess/2.2.5"]

[Event "Schack-SM 2023: Mastarklassen-elit"]
[Site "Helsingborg Arena, Mellersta Stenbocksgatan 14, Helsingborg, Sweden"]
[Date "2023.07.05"]
[Round "5.1"]
[White "Soderstrom, Adrian"]
[Black "Olund, Joar"]
[Result "1/2-1/2"]
[TimeControl "90 minutes for 40 moves + 30 minutes for the rest of games + 30 seconds per move from move one."]
[WhiteTitle "FM"]
[BlackTitle "FM"]
[WhiteElo "2311"]
[BlackElo "2399"]

1. d4 d5 2. c4 dxc4 3. e4 Nf6 4. e5 Nd5 5. Bxc4 Bf5 6. Qb3 c6 7. Nc3 e6 8. Bxd5 cxd5 9. Qxb7 Nd7 10.
Qa6 Qb6 11. Qxb6 Nxb6 12. b3 a5 13. Nf3 a4 14. Nxa4 Nxa4 15. bxa4 Bd3 16. Kd2 Be4 17. Bb2 Rxa4 18. Rhc1 Kd7 19.
Ke2 Bb4 20. Nd2 Bxg2 21. a3 Bxd2 22. Kxd2 Rb8 23. Bc3 Rb3 24. Rcb1 Raxa3 25. Rxb3 Rxb3 26. Ra7+ Ke8 27. Ra8+ Ke7 28.
Ra7+ Ke8 29. Ra8+ 1/2-1/2

[Event "Schack-SM 2023: Junior-SM"]
[Site "Helsingborg Arena, Mellersta Stenbocksgatan 14, Helsingborg, Sweden"]
[Date "2023.07.05"]
[Round "5.4"]
[White "Joensson, Oscar"]
[Black "Carlsson, Ludvig"]
[Result "0-1"]
[TimeControl "90 minutes for 40 moves + 30 minutes for the rest of the game + 30 seconds per move from move one."]
[BlackTitle "IM"]
[WhiteElo "2077"]
[BlackElo "2373"]

1. d4 Nf6 2. c4 c5 3. Nf3 g6 4. g3 Bg7 5. Bg2 cxd4 6. Nxd4 Nc6 7. Nxc6 bxc6 8. Nc3 O-O 9. O-O Rb8 10.
Rb1 c5 11. b3 d6 12. Bb2 Bb7 13. e4 Nd7 14. Nd5 Bxb2 15. Rxb2 Ne5 16. f4 Nc6 17. f5 Nd4 18. Rbf2 Bxd5 19.
cxd5 f6 20. h4 g5 21. hxg5 Rf7 22. g6 hxg6 23. fxg6 Rg7 24. Qh5 Qe8 25. e5 f5 26. Rf4 Qxg6 27. Qxg6 Rxg6 28. Kf2 dxe5 29.
Rh4 Ra6 0-1

[Event "Schack-SM 2023: Mastarklassen"]
[Site "Helsingborg Arena, Mellersta Stenbocksgatan 14, Helsingborg, Sweden"]
[Date "2023.07.05"]
[Round "5.7"]
[White "Troberg Eskola, Love"]
[Black "Joensson, Jacob"]
[Result "0-1"]
[TimeControl "90 minutes for 40 moves + 30 minutes for the rest of games + 30 seconds per move from move one."]
[WhiteElo "2038"]
[BlackElo "2039"]

1. e4 e5 2. Nf3 Nc6 3. d4 exd4 4. Bc4 Nf6 5. O-O Be7 6. Re1 d6 7. Nxd4 O-O 8. Nc3 Nxd4 9. Qxd4 Re8 10.
b3 Ng4 11. Nd5 Bh4 12. g3 c6 13. Nc3 Bf6 14. Qd2 b5 15. e5 Bxe5 16. Rxe5 dxe5 17. Bd3 f5 18. f3 Nf6 19. Qf2 e4 20.
Bf1 exf3 21. Bb2 Qb6 0-1

[Event "Schack-SM 2023: Veteran-SM 65+"]
[Site "Helsingborg Arena, Mellersta Stenbocksgatan 14, Helsingborg, Sweden"]
[Date "2023.07.05"]
[Round "5.2"]
[White "Franzen Hogberg, Thomas"]
[Black "Soderberg, Per"]
[Result "1/2-1/2"]
[TimeControl "90 minutes for 40 moves + 30 minutes for the rest of games + 30 seconds per move from move one."]
[BlackTitle "CM"]
[WhiteElo "1998"]
[BlackElo "2111"]

1. e4 c5 2. Nf3 d6 3. d3 Nc6 4. g3 g6 5. Bg2 Bg7 6. O-O Nf6 7. Nbd2 O-O 8. c3 e5 9. a4 h6 10.
Nc4 Be6 11. Nfd2 d5 12. exd5 Bxd5 13. Ne4 Nxe4 14. Bxe4 f5 15. Bxd5+ Qxd5 16. Ne3 Qf7 17. Ng2 Rad8 18. Qe2 Qd5 19.
Be3 b6 20. Rad1 Rfe8 21. f3 Kh7 22. Qc2 Re7 23. Bc1 Rde8 24. Ne3 Qd8 25. Kg2 Re6 26. h4 f4 27. Nc4 fxg3 28. Kxg3 Ne7 29.
Ne3 Nf5+ 30. Nxf5 gxf5 31. Rh1 Qf6 32. Kf2 e4 33. dxe4 fxe4 34. f4 Qf5 35. Ke1 Bf6 36. Be3 Qg4 37. Rd7+ R8e7 38. Rxe7+ Rxe7 39. Qe2 Bxh4+ 40. Kf1 Qxe2+ 41. Kxe2 Bf6 42. f5 Bg7 43. f6 Bxf6 44. Rxh6+ Kg7 45. Rh5 Kg6 46. Rd5 Rh7 47. Bd2 Rh2+ 48.
Kd1 e3 49. Bxe3 Rxb2 50. Rd7 a5 51. Rb7 Bxc3 52. Bc1 Rb4 53. Kc2 Be5 54. Ba3 Rc4+ 55. Kb1 Bc3 56. Rxb6+ Kf5 57. Rc6 Bb4 58.
Bb2 Ke4 59. Rd6 Ke3 60. Re6+ Re4 61. Rxe4+ Kxe4 62. Kc2 c4 63. Bf6 Kd5 64. Bd8 Ke4 65. Bc7 Kd4 66. Bb6+ Kd5 67. Bd8 Kc6 68.
Kb2 Be1 69. Kc2 Kb7 70. Kd1 Bb4 71. Kc2 Kc8 72. Bb6 Kd7 73. Kb2 Kc6 74. Bd8 Kd5 75. Kc2 1/2-1/2

[Event "Schack-SM 2023: Veteran-SM 50+"]
[Site "Helsingborg Arena, Mellersta Stenbocksgatan 14, Helsingborg, Sweden"]
[Date "2023.07.05"]
[Round "5.2"]
[White "Petersson, Kjell"]
[Black "Nilsson, Patrik 1968"]
[Result "1/2-1/2"]
[TimeControl "90 minutes for 40 moves + 30 minutes for the rest of games + 30 seconds per move from move one."]
[WhiteTitle "CM"]
[WhiteElo "2061"]
[BlackElo "1931"]

1. d4 d6 2. Nc3 Nf6 3. e4 Nbd7 4. Nf3 e5 5. h3 c6 6. Bd3 Be7 7. Be3 Qc7 8. Qe2 a6 9. a4 b6 10.
O-O h6 11. Rfe1 Nf8 12. Bc4 g5 13. Nh2 Ng6 14. dxe5 1/2-1/2

[Event "Schack-SM 2023: Sverigemastarklassen"]
[Site "Helsingborg Arena, Mellersta Stenbocksgatan 14, Helsingborg, Sweden"]
[Date "2023.07.05"]
[Round "5.3"]
[White "Sivuk, Vitaly"]
[Black "Pantzar, Milton"]
[Result "1/2-1/2"]
[TimeControl "90 minutes for 40 moves + 30 minutes for the rest of the game + 30 seconds per move from move one."]
[WhiteTitle "GM"]
[BlackTitle "IM"]
[WhiteElo "2432"]
[BlackElo "2442"]

1. e4 c6 2. d4 d5 3. Nd2 dxe4 4. Nxe4 Nf6 5. Nxf6+ exf6 6. c3 Bd6 7. Bd3 O-O 8. Qc2 Re8+ 9.
Ne2 h6 10. O-O Nd7 11. Bd2 Qc7 12. Ng3 Nf8 13. Rae1 Bd7 14. Kh1 c5 15. dxc5 Bxc5 16. Ne4 Be7 17. c4 Ne6 18. Nc3 Bc6 19.
Nd5 Bxd5 20. cxd5 Qxc2 21. Bxc2 Nd4 22. Bd3 Rad8 23. Bc3 Rxd5 24. Bxd4 Kf8 25. Bxa7 Rxd3 26. Be3 Ra8 27. a3 f5 28.
Rd1 Rad8 29. Rxd3 Rxd3 30. g3 Bf6 31. a4 Rb3 32. Rc1 Rxb2 33. Rc8+ Ke7 34. a5 Rb5 35. Rc7+ Ke6 36. Bb6 Be5 37.
Rxb7 Bd4 38. f4 Rb1+ 39. Kg2 Rb2+ 40. Kf1 Bxb6 41. Rxb6+ Rxb6 42. axb6 Kd6 43. Ke2 Kc6 44. Kd3 Kxb6 45.
Kd4 Kc6 46. Ke5 Kd7 47. Kxf5 Ke7 48. h4 Kd6 49. h5 Ke7 50. Ke5 Kd7 51. g4 Ke7 52. Kf5 Kd6 53. g5 hxg5 54. fxg5 Ke7 55.
h6 gxh6 56. gxh6 Kf8 57. Kf6 Kg8 58. h7+ Kxh7 59. Kxf7 1/2-1/2

[Event "Schack-SM 2023: Mastarklassen-elit"]
[Site "Helsingborg Arena, Mellersta Stenbocksgatan 14, Helsingborg, Sweden"]
[Date "2023.07.05"]
[Round "5.2"]
[White "Lind, Jan-Olov"]
[Black "Torngren, Gustav"]
[Result "0-1"]
[TimeControl "90 minutes for 40 moves + 30 minutes for the rest of games + 30 seconds per move from move one."]
[BlackTitle "FM"]
[WhiteElo "2191"]
[BlackElo "2297"]

1. e4 e6 2. d3 d5 3. Nd2 Nc6 4. Ngf3 g5 5. c3 g4 6. Ng1 h5 7. d4 f5 8. exf5 exf5 9. Bb5 Qf6 10.
Nb3 Bd6 11. Na5 Nge7 12. Qa4 O-O 13. Nxc6 bxc6 14. Ba6 Qe6+ 15. Kf1 Bxa6+ 16. Qxa6 f4 17. Qe2 Qg6 18. h3 Nf5 19. hxg4 hxg4 20.
Bd2 Rae8 21. Qd1 Ne3+ 22. Bxe3 fxe3 23. f3 gxf3 24. gxf3 e2+ 25. Nxe2 Rxf3+ 26. Ke1 Bg3+ 0-1

[Event "Schack-SM 2023: Junior-SM"]
[Site "Helsingborg Arena, Mellersta Stenbocksgatan 14, Helsingborg, Sweden"]
[Date "2023.07.05"]
[Round "5.5"]
[White "Ostlund, Joar"]
[Black "Lindholm, Gustav"]
[Result "1-0"]
[TimeControl "90 minutes for 40 moves + 30 minutes for the rest of the game + 30 seconds per move from move one."]
[WhiteTitle "CM"]
[WhiteElo "2265"]
[BlackElo "2155"]

1. d4 d5 2. c4 c6 3. Nf3 Nf6 4. Nc3 dxc4 5. a4 Bf5 6. Ne5 Nbd7 7. Nxc4 Qc7 8. g3 e5 9. dxe5 Nxe5 10.
Bf4 Nfd7 11. Bg2 g5 12. Bxe5 Nxe5 13. Qd4 f6 14. O-O-O Be7 15. Ne3 Be6 16. Qe4 Bd7 17. Nf5 Bxf5 18.
Qxf5 Qc8 19. Qe4 Qg4 20. Qc2 Qe6 21. Be4 h6 22. h4 Rd8 23. Rxd8+ Bxd8 24. hxg5 fxg5 25. f4 Ng4 26. Bf5 Qe3+ 27.
Kb1 Nf2 28. Bg6+ Kd7 29. Bf5+ Ke8 30. Nd1 Nxd1 31. Rxd1 gxf4 32. Bg6+ Ke7 33. Qf5 Qe6 34. Qc5+ Kf6 35. Rd6 1-0

[Event "Schack-SM 2023: Mastarklassen"]
[Site "Helsingborg Arena, Mellersta Stenbocksgatan 14, Helsingborg, Sweden"]
[Date "2023.07.05"]
[Round "5.8"]
[White "Persson, Lars 1971"]
[Black "Nylen, Anders"]
[Result "1/2-1/2"]
[TimeControl "90 minutes for 40 moves + 30 minutes for the rest of games + 30 seconds per move from move one."]
[WhiteElo "1941"]
[BlackElo "2094"]

1. d4 Nf6 2. c4 g6 3. Nc3 d5 4. cxd5 Nxd5 5. e4 Nxc3 6. bxc3 Bg7 7. Be3 c5 8. Rc1 O-O 9. Qd2 Qa5 10.
Nf3 Rd8 11. d5 Nd7 12. c4 Qa3 13. Be2 Ne5 14. Nxe5 Bxe5 15. O-O Bd7 16. Rb1 b6 1/2-1/2

[Event "Schack-SM 2023: Veteran-SM 65+"]
[Site "Helsingborg Arena, Mellersta Stenbocksgatan 14, Helsingborg, Sweden"]
[Date "2023.07.05"]
[Round "5.3"]
[White "Hedin, Gunnar"]
[Black "Green, Per"]
[Result "1-0"]
[TimeControl "90 minutes for 40 moves + 30 minutes for the rest of games + 30 seconds per move from move one."]
[WhiteElo "2093"]
[BlackElo "1898"]

1. d4 Nf6 2. c4 e6 3. Nc3 Bb4 4. e3 c5 5. Nge2 d5 6. a3 Ba5 7. dxc5 dxc4 8. Qxd8+ Bxd8 9. Nd4 Nbd7 10. Bxc4 Nxc5 11. b4 Nce4 12.
Nxe4 Nxe4 13. Bb2 O-O 14. f3 Nd6 15. Bd3 Bb6 16. Ke2 Bd7 17. a4 a5 18. b5 Rfc8 19. Rhc1 Bc5 20. Nb3 Bb4 21. Bd4 Rxc1 22. Rxc1 Rc8 23.
Rxc8+ Nxc8 24. Nc5 e5 25. Nxd7 exd4 26. exd4 Nd6 27. Be4 g6 28. Bd5 Kg7 29. Kd3 f6 30. Nc5 1-0

[Event "Schack-SM 2023: Veteran-SM 50+"]
[Site "Helsingborg Arena, Mellersta Stenbocksgatan 14, Helsingborg, Sweden"]
[Date "2023.07.05"]
[Round "5.3"]
[White "Ljung, Rickard"]
[Black "Eriksson, Bengt"]
[Result "1/2-1/2"]
[TimeControl "90 minutes for 40 moves + 30 minutes for the rest of games + 30 seconds per move from move one."]
[WhiteElo "1939"]
[BlackElo "2016"]

1. d4 Nf6 2. Bf4 c5 3. dxc5 Na6 4. Nd2 Nxc5 5. Nb3 g6 6. e3 Bg7 7. Nf3 O-O 8. Nxc5 Qa5+ 9. c3 Qxc5 10.
Be5 d6 11. Bd4 Qa5 12. Bxf6 Bxf6 13. Be2 b5 14. a3 Qb6 15. O-O Bd7 16. Qb3 Rab8 17. Nd4 Rfc8 18. Rfc1 a5 19. Qd1 Ra8 20.
Nc2 Ra7 21. Nd4 Rac7 22. Nc2 Be6 23. Qd2 Bc4 24. Bg4 Rb8 25. h3 Kg7 26. Nd4 h5 27. Bf3 Rbc8 28. Nc2 e5 29. Rd1 Bb3 30.
Bd5 Bxc2 31. Qxc2 1/2-1/2

[Event "Schack-SM 2023: Sverigemastarklassen"]
[Site "Helsingborg Arena, Mellersta Stenbocksgatan 14, Helsingborg, Sweden"]
[Date "2023.07.05"]
[Round "5.4"]
[White "Seo, Jung Min"]
[Black "Olsson, William"]
[Result "1-0"]
[TimeControl "90 minutes for 40 moves + 30 minutes for the rest of the game + 30 seconds per move from move one."]
[WhiteTitle "IM"]
[BlackTitle "FM"]
[WhiteElo "2469"]
[BlackElo "2383"]

1. e4 c5 2. Nf3 d6 3. d4 cxd4 4.
Nxd4 Nf6 5. Nc3 g6 6. Be3 Bg7 7. f3 O-O 8. Qd2 Nc6 9. O-O-O d5 10. exd5 Nxd5 11. Nxc6 bxc6 12. Bd4 e5 13.
Bc5 Re8 14. Ne4 Qc7 15. h4 f5 16. Nd6 Rd8 17. Nxc8 Raxc8 18. h5 Nb6 19. Bxb6 Rxd2 20. Bc4+ Kf8 21. Bxc7 Rxd1+ 22. Rxd1 Rxc7 23.
hxg6 hxg6 24. Rd6 Bh6+ 25. Kd1 Kg7 26. Ke2 Bc1 27. b3 Ba3 28. Re6 Bb2 29. g4 c5 30. gxf5 gxf5 31. Bd3 f4 32.
Bb5 Rf7 33. Rc6 Bd4 34. Bc4 Re7 35. Bd5 Rd7 36. Be6 Re7 37. Kd3 Kf6 38. Bd5+ Kg5 39. Be4 Rg7 40. c3 Be3 41. Re6 Kh4 42.
Rxe5 Kg3 43. a4 Kf2 44. Kc4 Ke2 45. Rd5 Rg1 46. Rd7 Rc1 47. Rxa7 Bd2 48. Bd5 Rxc3+ 49. Kb5 1-0

[Event "Schack-SM 2023: Mastarklassen-elit"]
[Site "Helsingborg Arena, Mellersta Stenbocksgatan 14, Helsingborg, Sweden"]
[Date "2023.07.05"]
[Round "5.3"]
[White "Lokander, Martin"]
[Black "Crevatin, Leo"]
[Result "1-0"]
[TimeControl "90 minutes for 40 moves + 30 minutes for the rest of games + 30 seconds per move from move one."]
[WhiteTitle "IM"]
[BlackTitle "FM"]
[WhiteElo "2444"]
[BlackElo "2265"]

1. e4 c6 2. d4 d5 3. f3 e6 4. Nc3 Bb4 5. Bd2 b6 6. a3 Be7 7. Be3 Ba6 8. Bxa6 Nxa6 9. Qd3 Nc7 10.
O-O-O Nf6 11. Nh3 Qc8 12. Bf4 Nh5 13. Be5 Nf6 14. g4 O-O 15. Rhe1 Re8 16. Nf2 b5 17. h4 a5 18. Bxf6 Bxf6 19.
e5 Be7 20. Ne2 b4 21. a4 Qa6 22. Qe3 b3 23. cxb3 Rab8 24. Kb1 Qb6 25. Nc1 c5 26. Nfd3 c4 27. Nc5 Bxc5 28. dxc5 Qb4 29.
h5 Rec8 30. h6 Ne8 31. hxg7 Qxc5 32. Qh6 cxb3 33. Rd2 Nxg7 34. Rh2 Kf8 35. Qxh7 Ne8 36. g5 Qd4 37. g6 Rb7 38. Qh8+ Ke7 39.
gxf7 Qxa4 40. f8=Q+ Kd7 41. Rh7+ Kc6 42. Qxe8+ Rxe8 43. Qxe8+ Kc5 44. Nd3+ 1-0

[Event "Schack-SM 2023: Mastarklassen"]
[Site "Helsingborg Arena, Mellersta Stenbocksgatan 14, Helsingborg, Sweden"]
[Date "2023.07.05"]
[Round "5.9"]
[White "Carlstrom, Niklas"]
[Black "Mashhadi, Peyman"]
[Result "0-1"]
[TimeControl "90 minutes for 40 moves + 30 minutes for the rest of games + 30 seconds per move from move one."]
[WhiteElo "2125"]
[BlackElo "2117"]

1. d4 g6 2. e4 Bg7 3. Nc3 d6 4. Bc4 Nf6 5. Qe2 Nc6 6. e5 Nxd4 7. exf6 Nxe2 8. fxg7 Rg8 9. Ngxe2 c6 10.
Bh6 Qa5 11. O-O-O Qh5 12. Be3 Rxg7 13. Ng3 Qa5 14. Rhe1 d5 15. Bb3 Be6 16. Nge2 g5 17. Rd4 Qc7 18. g3 f6 19. f4 Bg8 20.
fxg5 fxg5 21. Rg4 h6 22. Bc5 O-O-O 23. Ra4 b6 24. Bg1 e5 25. h4 Bh7 26. hxg5 hxg5 27. Nd1 c5 28. c4 d4 29.
Rf1 d3 0-1

[Event "Schack-SM 2023: Veteran-SM 65+"]
[Site "Helsingborg Arena, Mellersta Stenbocksgatan 14, Helsingborg, Sweden"]
[Date "2023.07.05"]
[Round "5.4"]
[White "Holst, Conny"]
[Black "Alquist, Erik"]
[Result "0-1"]
[TimeControl "90 minutes for 40 moves + 30 minutes for the rest of games + 30 seconds per move from move one."]
[WhiteTitle "FM"]
[WhiteElo "2156"]
[BlackElo "1936"]

1. d4 Nf6 2. c4 g6 3. Nc3 d5 4. cxd5 Nxd5 5. e4 Nxc3 6. bxc3 Bg7 7. Nf3 c5 8. Be3 Qa5 9. Bd2 O-O 10.
Be2 Bg4 11. O-O Rd8 12. Rb1 cxd4 13. cxd4 Qxa2 14. d5 Nd7 15. Bb4 Bf6 16. h3 Bxf3 17. Bxf3 Rac8 18. Bg4 h5 19. Bxd7 Rxd7 20.
Rb3 Qc2 21. Qf3 Rc4 22. d6 Qxe4 23. dxe7 Bxe7 24. Bxe7 Qxf3 25. Rxf3 Rxe7 26. Rb1 b6 27. Ra3 Kg7 28. g3 Rc2 29.
Kg2 Rb7 30. Rb5 Rc5 31. Rxc5 bxc5 32. Kf3 c4 33. Ke4 Rc7 34. Rc3 Kf6 35. Kd4 Ke6 36. Re3+ Kd6 37. Kc3 Kd5 38. Re8 a6 39.
f4 Kd6 40. Ra8 Rc6 41. Ra7 Ke6 42. g4 Kf6 43. Rd7 h4 44. g5+ Ke6 45. Ra7 f6 46. gxf6 Kxf6 47. Rh7 Kf5 48. Rxh4 a5 49.
Rg4 a4 50. Rg1 Kxf4 51. h4 a3 52. Rg5 Ra6 53. Rg1 a2 54. Ra1 Ra4 55. Kb2 Kg4 56. Rg1+ Kxh4 57. Ka1 g5 58. Rh1+ Kg4 59.
Rg1+ Kf4 60. Rf1+ Ke3 61. Rg1 Ra5 62. Rg4 Kf3 63. Rxc4 g4 64. Rc3+ Kg2 0-1

[Event "Schack-SM 2023: Veteran-SM 50+"]
[Site "Helsingborg Arena, Mellersta Stenbocksgatan 14, Helsingborg, Sweden"]
[Date "2023.07.05"]
[Round "5.4"]
[White "Moborn, Anders"]
[Black "Kirppo, Ronny"]
[Result "1-0"]
[TimeControl "90 minutes for 40 moves + 30 minutes for the rest of games + 30 seconds per move from move one."]
[WhiteElo "1956"]
[BlackElo "1886"]

1. d4 Nf6 2. c4 e6 3. Nc3 Bb4 4. f3 c5 5. a3 Bxc3+ 6. bxc3 d6 7. e4 Nbd7 8. Bd3 Qc7 9. Ne2 b6 10.
Be3 Bb7 11. O-O O-O 12. g4 Rac8 13. Qe1 Ba6 14. Rc1 Qc6 15. Qh4 e5 16. g5 Ne8 17. f4 Qa4 18. Ng3 Bxc4 19. Bxc4 Qxc4 20.
Nf5 Kh8 21. Rf3 exd4 22. Qxh7+ Kxh7 23. Rh3+ Kg8 24. Ne7# 1-0

[Event "Schack-SM 2023: Sverigemastarklassen"]
[Site "Helsingborg Arena, Mellersta Stenbocksgatan 14, Helsingborg, Sweden"]
[Date "2023.07.05"]
[Round "5.5"]
[White "Hillarp Persson, Tiger"]
[Black "Blomqvist, Erik"]
[Result "1-0"]
[TimeControl "90 minutes for 40 moves + 30 minutes for the rest of the game + 30 seconds per move from move one."]
[WhiteTitle "GM"]
[BlackTitle "GM"]
[WhiteElo "2493"]
[BlackElo "2500"]

1. d4 Nf6 2. c4 e6 3. g3 Bb4+ 4. Bd2 Be7 5. Bg2 d5 6. Nf3 O-O 7. O-O c6 8. Qc2 a5 9. Bf4 Nbd7 10.
Rd1 h6 11. Nc3 dxc4 12. Nd2 Nb6 13. e4 a4 14. a3 Bd7 15. h3 Qc8 16. g4 Rd8 17. Bg3 Be8 18. Nf1 Nbd7 19. Nxa4 b5 20.
Nc3 Nb6 21. Ne3 Ra7 22. h4 Rad7 23. e5 Nfd5 24. Nexd5 Nxd5 25. Ne4 c5 26. dxc5 Bxc5 27. Nd6 Bxd6 28. exd6 Nb6 29. b3 Ra7 30.
g5 hxg5 31. hxg5 cxb3 32. Qxb3 Bc6 33. Bh3 Ba8 34. Qxb5 Qb7 35. Kh2 Ra6 36. g6 fxg6 37. Rdc1 1-0

[Event "Schack-SM 2023: Mastarklassen-elit"]
[Site "Helsingborg Arena, Mellersta Stenbocksgatan 14, Helsingborg, Sweden"]
[Date "2023.07.05"]
[Round "5.4"]
[White "Thorn, Eric"]
[Black "Lindberg, Bengt"]
[Result "1/2-1/2"]
[TimeControl "90 minutes for 40 moves + 30 minutes for the rest of games + 30 seconds per move from move one."]
[WhiteTitle "FM"]
[BlackTitle "IM"]
[WhiteElo "2379"]
[BlackElo "2353"]

1. d4 Nf6 2. c4 e6 3. Nf3 Bb4+ 4. Nbd2 b6 5. g3 Bb7 6. Bg2 O-O 7. O-O a5 8. Qc2 Bxd2 9. Bxd2 Be4 10.
Qc1 Nc6 11. Bc3 Ne7 12. d5 exd5 13. Bxf6 gxf6 14. cxd5 Bxd5 15. Rd1 c6 16. Qh6 Nf5 17. Qf4 Ng7 18. e4 Be6 19. Qh6 a4 20.
Rd4 Ra5 21. Rad1 Re8 22. Bf1 Rh5 23. Qf4 b5 24. b4 axb3 25. axb3 Rc5 26. R4d3 f5 27. e5 f6 28. Qh6 Rxe5 29.
Nxe5 fxe5 30. Bg2 Qe7 31. g4 fxg4 32. Be4 Nf5 33. Qh5 Rf8 34. h3 d5 35. Bg2 e4 36.
Rc3 gxh3 37. Rxh3 Kh8 38. Rc1 Bd7 39. Kh1 Rg8 40. Ra1 Qg7 41. Rg1 e3 42. fxe3 Ng3+ 43. Rxg3 Qxg3 44. Qh6 Qg5 45.
Qxg5 Rxg5 46. Ra1 Re5 47. Ra7 Be8 48. Kg1 Rxe3 49. Kf2 Re5 50. b4 Bg6 51. Rc7 Bd3 52. Rxc6 Bc4 53. Rc7 Kg8 54.
Kf3 d4 55. Kf4 Re2 56. Be4 h6 57. Rd7 Rd2 58. Ke5 Kf8 59. Kf6 Rf2+ 60. Bf5 Ke8 61. Re7+ Kd8 62. Rd7+ Kc8 63. Rxd4+ Kc7 64.
Ke5 Re2+ 65. Kf6 h5 66. Rh4 Rb2 67. Rxh5 Rxb4 68. Ke5 Kb6 69. Rh8 Rb2 70. Kd4 Rd2+ 71. Kc3 Rf2 72. Be4 Rf4 73.
Rb8+ Ka7 74. Ra8+ Kb6 75. Rb8+ Kc7 76. Rb7+ Kd6 77. Rb6+ Ke5 78. Bc6 Rf6 79. Bxb5 Rxb6 80. Bxc4 Rh6 81.
Bf1 Kd5 82. Bc4+ Kc5 83. Bf1 Rd6 84. Be2 Rd4 85. Bd3 Ra4 86. Kb3 Rh4 87. Bf5 Rf4 88. Bg6 Rb4+ 89. Kc3 Rg4 90. Bf5 Rg3+ 91.
Bd3 Rh3 92. Kc2 Kd4 93. Bg6 Rc3+ 94. Kb2 Kc4 95. Bf5 Kb4 96. Bg6 Rg3 97. Be4 Re3 98. Bg6 Re2+ 99. Ka1 Kb3 100. Bf7+ Ka3 101.
Bg6 Ra2+ 102. Kb1 Rg2 103. Bf7 Rg7 104. Be6 Re7 105. Bd5 Re5 106. Bf7 Re2 107. Bg6 Rf2 108. Ka1 Ra2+ 109. Kb1 Rg2 110. Bf5 Kb3 111. Be6+ Kc3 112. Bf7 Rb2+ 113. Ka1 Kc2 114. Bg6+ Kc1 115. Bf7 Rb7 116. Be6 Rb6 117.
Bf7 Rb7 118. Be6 Ra7+ 1/2-1/2

[Event "Schack-SM 2023: Veteran-SM 65+"]
[Site "Helsingborg Arena, Mellersta Stenbocksgatan 14, Helsingborg, Sweden"]
[Date "2023.07.05"]
[Round "5.5"]
[White "Carlsson, Ingvar"]
[Black "Olsson, Thomas"]
[Result "1-0"]
[TimeControl "90 minutes for 40 moves + 30 minutes for the rest of games + 30 seconds per move from move one."]
[WhiteElo "1998"]
[BlackElo "1874"]

1. e4 e5 2. Nf3 Nc6 3. Bc4 Nf6 4. Ng5 d5 5. exd5 Na5 6. Bb5+ c6 7. dxc6 bxc6 8. Be2 h6 9. Nh3 g5 10.
d3 Bg7 11. Nc3 O-O 12. Ng1 Nb7 13. g4 Nc5 14. h4 Ne6 15. hxg5 hxg5 16. Nh3 Nd5 17. Ne4 f6 18. Bd2 Rb8 19.
b3 Bd7 20. Qc1 Ndf4 21. Nxf4 exf4 22. Bc3 Be8 23. Qb2 Qe7 24. O-O-O Bg6 25. Bf3 c5 26. Rde1 Qd8 27. Nxf6+
Rxf6 28. Rxe6 Rxe6 29. Bxg7 Bh7 30. Be4 Rxe4 31. dxe4 Rb6 32. Bh8 Qe7 33. Rd1 Bg6 34. Rd8+ Kh7 35.
f3 c4 36. Qd4 Rb7 37. Bf6 1-0